 Dungeon Crawl Stone Soup version 0.26-a0-631-ged93497179 (webtiles) character file.

Game seed: 1560373032355224083

718 Lavandula the Poker (level 7, 0/46 HPs)
             Began as a Merfolk Ice Elementalist on Sept 13, 2020.
             Slain by a killer bee zombie (5 damage)
             ... on level 5 of the Dungeon.
             The game lasted 00:12:32 (3512 turns).

Lavandula the Poker (Merfolk Ice Elementalist)      Turns: 3512, Time: 00:12:32

Health: 0/46       AC:  2    Str:  6 (9)  XL:     7   Next: 70%
Magic:  12/21      EV: 13    Int: 15 (16) God:
Gold:   135        SH:  0    Dex: 13 (14) Spells: 1/12 levels left

rFire    . . .     SeeInvis .   b - +1 spear (venom)
rCold    . . .     Faith    .   (no shield)
rNeg     . . .     Spirit   .   a - +0 robe
rPois    .         Reflect  .   (no helmet)
rElec    .         Harm     .   (no cloak)
rCorr    .         Rampage  .   (no gloves)
MR       +....                  (no boots)
Stlth    ++........             (no amulet)
HPRegen  0.15/turn              i - ring of magical power
MPRegen  0.17/turn              s - ring of protection from magic

@: mighty, lethally poisoned (0 -> -8), frozen ramparts, very slightly
contaminated
A: change form in water, swift swim, stealthy swim
a: no special abilities


You were on level 5 of the Dungeon.
You visited 1 branch of the dungeon, and saw 5 of its levels.

You collected 135 gold pieces.

Inventory:

Hand Weapons
 b - a +1 spear of venom (weapon)
Missiles
 h - 4 boomerangs (quivered)
Armour
 a - a +0 robe (worn)
Jewellery
 i - a ring of magical power (left hand)
 s - a ring of protection from magic (right hand)
 v - an uncursed ring of see invisible {unknown}
Wands
 w - a wand of random effects (21)
Scrolls
 c - 2 scrolls of noise {unknown}
 d - 2 scrolls of random uselessness {unknown}
 e - a scroll of amnesia {unknown}
 g - a scroll of immolation {unknown}
 j - 2 scrolls of remove curse {unknown}
 l - 3 scrolls of identify {unknown}
 m - 2 scrolls of fog {unknown}
 p - 3 scrolls of teleportation {unknown}
 q - a scroll of enchant weapon {unknown}
 y - a scroll of summoning {unknown}
 A - a scroll of silence {unknown}
Potions
 f - a potion of magic {unknown}
 k - a potion of berserk rage {unknown}
 n - a potion of lignification {unknown}
 o - a potion of degeneration
 r - a potion of stabbing {unknown}
 t - a potion of might
 u - a potion of haste {unknown}
 x - a potion of resistance {unknown}
 z - a potion of flight {unknown}


   Skills:
 - Level 7.3 Polearms
 - Level 2.6 Dodging
 - Level 2.1 Stealth
 - Level 3.3 Spellcasting
 + Level 3.0 Summonings
 - Level 6.5 Ice Magic


You had one spell level left.
You knew the following spells:

 Your Spells              Type           Power        Failure   Level
a - Freeze                Ice            ###.         1%          1
b - Frozen Ramparts       Ice            ###...       4%          3
c - Ozocubu's Armour      Ice            ###.....     4%          3
d - Summon Ice Beast      Ice/Summ       ###.....     26%         4

Your spell library contained the following spells:

 Spells                   Type           Power        Failure   Level
 Corona                   Hex            #......      19%         1
 Ensorcelled Hibernation  Hex/Ice        ##....       8%          2
 Hailstorm                Conj/Ice       ##......     45%         4
 Confusing Touch          Hex            #.......     50%         3
 Dazzling Flash           Conj/Hex       #.....       50%         3
 Tukima's Dance           Hex            #.......     50%         3


Dungeon Overview and Level Annotations

Branches:
Dungeon (5/15)
 Temple: D:4-7

Altars:
Cheibriados
The Shining One

Annotations:
D:3 2 transporters, Peloso's ghost, amateur MiFi
D:4 3 runed translucent doors, Migumi's ghost, novice DrTm


Message History

You feel very mighty all of a sudden.
You feel sick.
The killer bee zombie completely resists.
The wall freezes the killer bee zombie but do no damage.
The killer bee zombie hits you.
* * * LOW HITPOINT WARNING * * *
The killer bee zombie completely resists.
The wall freezes the killer bee zombie but do no damage.
The killer bee zombie hits you.
* * * LOW HITPOINT WARNING * * *
Okay, then.
It was a potion of degeneration.
There was something very wrong with that liquid.
You feel weakened.
You feel dopey.
You feel clumsy.
* * * LOW HITPOINT WARNING * * *
You feel sick.
The killer bee zombie completely resists.
The wall freezes the killer bee zombie but do no damage.
The killer bee zombie hits you.
You die...

........>.............
#..####.........#.....
#. #..#.#.....#..... #
#.. #.##...#...#.....
..#..###.####...........
........................
#.....##.######.####.###
#.......### #..###....
...##.#@...# ##...#####
. .. #Z##..# ###..# # ##
#.# #........## # #.#
#### #...#### ..#
##...... ...# ##......#
..... . ##........
....## #. #.........
..... #.. #...†.....


You could see a killer bee zombie.

Vanquished Creatures
  2 ogres (D:4)
  A bullfrog (D:5)
  A scorpion (D:4)
  A howler monkey (D:4)
  A hound (D:5)
  A centaur skeleton (D:2)
  2 orc priests (D:3)
  2 orc wizards (D:3)
  Terence (D:3)
  2 worker ants
  A hound zombie (D:5)
  6 adders
  An ooze (D:5)
  2 adder skeletons (D:5)
  3 worms
  2 leopard geckos (D:4)
  11 orcs
  4 bats
  3 giant cockroaches
  5 goblins
  2 hobgoblins
  6 kobolds (D:3)
  3 quokkas
  2 frilled lizards
  A quokka skeleton (D:4)
  6 rats
72 creatures vanquished.

Notes
Turn   | Place    | Note
-------+----------+-------------------------------------------
     0 | D:1      | Lavandula the Merfolk Ice Elementalist began the quest for
                  | the Orb.
     0 | D:1      | Reached XP level 1. HP: 13/13 MP: 3/3
    30 | D:1      | You fall into a shaft and drop 1 floor!
   225 | D:2      | Reached skill level 2 in Polearms
   225 | D:2      | Reached XP level 2. HP: 17/19 MP: 3/5
   314 | D:2      | Reached skill level 3 in Polearms
   558 | D:1      | Reached XP level 3. HP: 24/24 MP: 6/6
   712 | D:2      | Reached skill level 4 in Polearms
   771 | D:2      | Reached skill level 5 in Polearms
   771 | D:2      | Reached XP level 4. HP: 26/30 MP: 7/7
  1107 | D:3      | Found a transporter.
  1133 | D:3      | Reached skill level 6 in Polearms
  1149 | D:3      | Reached XP level 5. HP: 9/35 MP: 8/8
  1256 | D:3      | Noticed Terence
  1271 | D:3      | Killed Terence
  1271 | D:3      | Reached skill level 7 in Polearms
  1280 | D:3      | Learned a level 3 spell: Frozen Ramparts
  1284 | D:3      | Learned a level 3 spell: Ozocubu's Armour
  1731 | D:3      | Found a transporter.
  1731 | D:3      | Noticed Peloso's ghost (amateur MiFi)
  1751 | D:3      | Reached skill level 5 in Ice Magic
  1752 | D:3      | Reached XP level 6. HP: 19/41 MP: 9/9
  2224 | D:3      | Found a snail-covered altar of Cheibriados.
  2512 | D:4      | Found a runed translucent gate.
  2512 | D:4      | Found a runed translucent gate.
  2512 | D:4      | Found a runed translucent gate.
  2615 | D:4      | Reached XP level 7. HP: 45/46 MP: 10/10
  2956 | D:4      | Noticed Migumi's ghost (novice DrTm)
  3075 | D:4      | Learned a level 4 spell: Summon Ice Beast
  3117 | D:4      | Reached skill level 1 in Summonings
  3194 | D:4      | Found a glowing golden altar of the Shining One.
  3238 | D:5      | Entered Level 5 of the Dungeon
  3512 | D:5      | Slain by a killer bee zombie

Illustrated notes

Levels and vault maps discovered:
D:1:      minmay_arrival_radiant_lines, layout_basic
D:2:      layout_loops_corners
D:3:      layout_basic, gammafunk_ghost_arena, cheibriados_altar_1, uniq_terence
D:4:      layout_layer_cave, nicolae_tso_carved_into_rock,
          gammafunk_ghost_necromancy, st_stairs_8
D:5:      layout_rooms

Skill      XL: |  1  2  3  4  5  6  7 |
---------------+----------------------+-----
Polearms       | 2 3 5 6 7 |  7.3
Ice Magic      | 5 6 |  6.5
Spellcasting   | 3 |  3.3
Summonings     | 3 |  3.0
Dodging        | |  2.6
Stealth        | |  2.1

Action                   |  1- 3 |  4- 6 |  7- 9 || total
-------------------------+-------+-------+-------++-------
Melee: Spear             |    38 |   107 |    52 ||   197
Throw: Boomerang         |       |     6 |       ||     6
 Cast: Freeze            |     2 |     9 |       ||    11
       Frozen Ramparts   |       |     4 |     3 ||     7
  Use: Potion            |       |     5 |     2 ||     7
 Stab: Sleeping          |     4 |     5 |     2 ||    11
       Distracted        |     1 |       |     1 ||     2
Armor: Robe              |     4 |     9 |     6 ||    19
Dodge: Dodged            |    17 |    40 |    19 ||    76

Table legend: (Time is in decaauts)
 A = Elapsed time spent in this place.
 B = Non-inter-level travel time spent in this place.
 C = Inter-level travel time spent in this place.
 D = Time resting spent in this place.
 E = Time spent auto-exploring this place.
 F = Levels seen in this place.
 G = Mean time per level.
                   A        B        C        D        E       F      G
               +--------+--------+--------+--------+--------+-----+--------+
         Total |   3483 |   3259 |    224 |    222 |   1726 |   5 |  696.6 |
       Dungeon |   3483 |   3259 |    224 |    222 |   1726 |   5 |  696.6 |
               +--------+--------+--------+--------+--------+-----+--------+

Top non-repeatable levels by time:
     D:3: 1305 daAuts
     D:4: 975 daAuts
     D:2: 849 daAuts
     D:5: 262 daAuts
     D:1: 90 daAuts
